 Dungeon Crawl Stone Soup version 0.28-a0-845-gfc338a8e3c (webtiles) character file.

Game seed: 13024100895932452781

12425 siradein the Fighter (level 11, -13/89 HPs)
             Began as a Demonspawn Gladiator on Nov 12, 2021.
             Was a Priest of Qazlal.
             Killed from afar by a gargoyle (21 damage)
             ... with a stone arrow
             ... on level 11 of the Dungeon.
             The game lasted 01:08:27 (15331 turns).

siradein the Fighter (Demonspawn Gladiator)        Turns: 15331, Time: 01:08:27

Health: -13/89     AC: 15    Str: 17    XL:     11   Next: 62%
Magic:  16/16      EV: 13    Int:  9    God:    Qazlal [***...]
Gold:   550        SH: 13    Dex: 20    Spells: 10/10 levels left

rFire   . . .      SeeInvis .   a - +0 trident
rCold   . . .      Faith    .   O - +0 kite shield
rNeg    . . .      Spirit   .   F - +2 ring mail {rPois}
rPois   +          Reflect  .   m - +2 helmet
rElec   .          Harm     .   (no cloak)
rCorr   .          Rampage  .   q - +0 pair of gloves
Will    .....                   (no boots)
Stlth   ++........              (no amulet)
HPRegen 0.24/turn               U - +4 ring of slaying
MPRegen 0.15/turn               w - +4 ring of protection

@: no status effects
A: claws 1, thin skeletal structure 2, demonic guardian 2, spiny 1
a: Renounce Religion, Upheaval, Elemental Force


You were on level 11 of the Dungeon.
You worshipped Qazlal.
Qazlal was most pleased with you.
You visited 2 branches of the dungeon, and saw 14 of its levels.
You also visited: Ossuary.

You collected 550 gold pieces.

Inventory:

Hand Weapons
 a - a +0 trident (weapon)
Missiles
 d - 4 throwing nets
 e - 258 stones
 g - 17 boomerangs
 h - 59 poisoned darts (quivered)
 R - 2 javelins
Armour
 m - a +2 helmet (worn)
 q - a +0 pair of gloves (worn)
 F - a +2 ring mail of poison resistance (worn)
 O - a +0 kite shield (worn)
Jewellery
 t - a ring of protection from cold
 u - a ring of protection from fire
 v - a ring of protection from cold
 w - a +4 ring of protection (right hand)
 J - the ring of Osarylli {rF+ rC- rCorr Stlth+}
   (You found it on level 7 of the Dungeon)

   [ring of protection from fire]

   rF:        It protects you from fire.
   rC:        It makes you vulnerable to cold.
   rCorr:     It protects you from acid and corrosion.
   Stlth:     It makes you more stealthy.
 L - a ring of resist corrosion
 Q - a ring of fire
 T - the ring "Geisoxok" {Ice Will- Str+6}
   (You found it on level 10 of the Dungeon)

   [ring of ice]

   It enhances your ice magic.
   Str:       It affects your strength (+6).
   rF:        It makes you vulnerable to fire.
   rC:        It protects you from cold.
   Will:      It decreases your willpower.
 U - a +4 ring of slaying (left hand)
Wands
 b - a wand of acid (14)
 G - a wand of charming (4)
 N - a wand of iceblast (9)
Scrolls
 f - 4 scrolls of magic mapping
 i - 2 scrolls of identify
 y - a scroll of teleportation {unknown}
 z - 4 scrolls of noise {unknown}
 C - 4 scrolls of enchant weapon {unknown}
 D - 2 scrolls of summoning {unknown}
 E - a scroll of immolation {unknown}
 H - a scroll of brand weapon {unknown}
 M - a scroll of amnesia
 P - a scroll of enchant armour {unknown}
 S - a scroll of acquirement {unknown}
Potions
 c - a potion of attraction
 j - 6 potions of curing
 k - 3 potions of haste
 l - 6 potions of brilliance
 n - a potion of magic {unknown}
 o - 4 potions of lignification
 p - a potion of cancellation
 r - 3 potions of resistance
 s - a potion of mutation {unknown}
 x - a potion of ambrosia
 A - 3 potions of might {unknown}
 B - 4 potions of degeneration {unknown}
 I - a potion of flight {unknown}
 K - 2 potions of invisibility {unknown}


   Skills:
 + Level 9.0 Fighting
 + Level 8.4 Polearms
 + Level 8.1 Throwing
 + Level 2.5 Armour
 + Level 8.4 Dodging
 + Level 2.5 Shields
 + Level 7.9 Invocations


You had 10 spell levels left.
You didn't know any spells.
Your spell library contained the following spells:

 Spells                   Type           Power      Damage    Failure   Level
 Apportation              Tloc           0%         N/A       98%         1
 Freeze                   Ice            0%         1d3       98%         1
 Magic Dart               Conj           0%         1d3       98%         1
 Call Imp                 Summ           0%         N/A       99%         2
 Frozen Ramparts          Ice            0%         1d2       100%        3
 Mephitic Cloud           Conj/Pois/Air  0%         N/A       100%        3
 Ozocubu's Armour         Ice            0%         N/A       100%        3
 Hailstorm                Conj/Ice       0%         3d3       100%        4
 Alistair's Intoxication  Tmut/Pois      0%         N/A       100%        5
 Ozocubu's Refrigeration  Ice            0%         4d5       100%        7


Dungeon Overview and Level Annotations

Branches:
Dungeon (13/15)            Temple (1/1) D:6            Lair (0/6) D:10
Ossuary (visited)
    Orc: D:9-12      Vaults: D:13-14

Altars:
Ashenzari
Cheibriados
Dithmenos
Elyvilon
Fedhas
Gozag
Hepliaklqana
Kikubaaqudgha
Makhleb
Okawaru
Qazlal
Ru
Trog
Uskayaw
Vehumet
Wu Jian
Xom
Yredelemnul
The Shining One

Shops:
D:1 :   D:4 *

Annotations:
D:2 1 runed translucent door, Crazy Yiuf
D:6 1 runed translucent door, gowby's ghost, novice BaIE


Innate Abilities, Weirdness & Mutations

You have sharp fingernails.
You have a moderately thin skeletal structure. (Dex +4, Stealth++)
A demonic guardian rushes to your aid.
You are partially covered in sharp spines.


Message History

The gargoyle barely misses your orange demon.
Your orange demon stings the gargoyle.
Your orange demon closely misses the gargoyle.
The gargoyle hits your orange demon with a +0 mace!
Your orange demon stings the gargoyle but does no damage.
Your orange demon barely misses the gargoyle.
The gargoyle hits your orange demon with a +0 mace!
Your orange demon stings the gargoyle but does no damage.
Your orange demon hits the gargoyle but does no damage.
The gargoyle hits your orange demon with a +0 mace.
Your orange demon stings the gargoyle.
Your orange demon barely misses the gargoyle.
The gargoyle hurls a stone arrow at your orange demon.
The stone arrow hits your orange demon!!
Your orange demon dies!
Your orange demon disappears in a puff of smoke!
A gargoyle is nearby!
You are too injured to fight recklessly!
You barely miss the gargoyle.
The gargoyle is severely damaged.
The gargoyle hurls a stone arrow at you.
The stone arrow hits you!
You hit the gargoyle.
The gargoyle is severely damaged.
The gargoyle hits you with a +0 mace!
* * * LOW HITPOINT WARNING * * *
You hit the gargoyle but do no damage.
The gargoyle is severely damaged.
The gargoyle is struck by your spines. The gargoyle completely misses you.
You hit the gargoyle but do no damage.
The gargoyle is severely damaged.
The gargoyle hurls a stone arrow at you.
The stone arrow hits you!
* * * LOW HITPOINT WARNING * * *
A demonic guardian appears!
Unknown command.
Your sixfirhy hits the gargoyle but does no damage.
The gargoyle hurls a stone arrow at you.
The stone arrow misses your sixfirhy. The stone arrow hits you!!
You die...

#...# #...# #.### #.#
##.# ###'##### #..#
#.......# #.##
######.......#
#'########....'.......#
....#...##.####..9....#
###.#.#.#..# #.3.○...#
#...#.#.## #.@.....#
#####.'.# #..○....#
........### #.......#
######### #.......#
#########


You could see a gargoyle (ally target) and a friendly sixfirhy (summoned).

Vanquished Creatures
  A two-headed ogre (D:11)
  A deep elf pyromancer (D:9)
  Pikel (D:6)
  An elephant (shapeshifter) (D:12)
  A gargoyle (D:8)
  4 kobold demonologists (D:9)
  A troll (D:10)
  A hornet (D:8)
  Prince Ribbit (D:8)
  A vampire (D:11)
  10 yaks
  Grum (D:8)
  Menkaure (D:4)
  2 acid dragons (D:9)
  4 water moccasins
  4 sky beasts
  2 orc warriors (D:9)
  A hornet zombie (D:9)
  3 ogres
  3 black bears
  7 wolves
  A centaur (D:7)
  A necrophage (D:7)
  7 kobold brigands
  A phantom (D:4)
  4 elf zombies (Ossuary)
  4 scorpions
  A bullfrog (D:8)
  6 killer bees
  An electric eel (D:10)
  9 hounds
  2 human zombies (Ossuary)
  4 jellies
  4 orc priests
  A bullfrog skeleton (D:6)
  A centaur skeleton (D:4)
  11 centaur zombies
  2 iguanas (D:6)
  11 orc wizards
  A scorpion zombie (D:5)
  3 mummies (Ossuary)
  Robin (D:1)
  8 adders
  2 shadow imps (D:6)
  2 white imps (D:6)
  An ufetubus (D:6)
  2 adder skeletons
  4 dart slugs
  33 orcs
  3 bats
  8 endoplasms
  2 giant cockroaches
  13 goblins
  3 hobgoblins (D:1)
  3 jackals (D:5)
  17 kobolds
  A quokka (D:5)
  6 ball pythons
  3 frilled lizards
  8 rats
  A spectral kobold (D:1)
247 creatures vanquished.

Vanquished Creatures (collateral kills)
  Joseph (D:7)
  A troll (D:10)
  A yak (D:8)
  3 orc warriors
  A bullfrog (D:7)
  2 orc priests
  3 orcs
  2 kobolds (D:6)
14 creatures vanquished.

Grand Total: 261 creatures vanquished

Notes
Turn   | Place    | Note
-------+----------+-------------------------------------------
     0 | D:1      | siradein the Demonspawn Gladiator began the quest for the
                  | Orb.
     0 | D:1      | Reached XP level 1. HP: 16/16 MP: 1/1
   433 | D:1      | Gained mutation: You have a somewhat thin skeletal
                  | structure. (Dex +2, Stealth+) [demonic ancestry]
   433 | D:1      | Reached XP level 2. HP: 22/22 MP: 2/2
   453 | D:1      | Found Ruhio's Book Emporium.
   659 | D:1      | Found a faded altar of an unknown god.
  1477 | D:2      | Reached XP level 3. HP: 24/28 MP: 3/3
  1719 | D:2      | Noticed Robin
  1945 | D:1      | Killed Robin
  2343 | D:2      | Gained mutation: You have a moderately thin skeletal
                  | structure. (Dex +4, Stealth++) [demonic ancestry]
  2343 | D:2      | Reached XP level 4. HP: 17/34 MP: 4/4
  2711 | D:2      | Found a runed translucent door.
  2712 | D:2      | Noticed Crazy Yiuf
  3005 | D:3      | Found an iron altar of Okawaru.
  3037 | D:3      | Noticed a sky beast
  3085 | D:3      | Killed a sky beast
  3086 | D:3      | Reached skill level 3 in Fighting
  3086 | D:3      | Gained mutation: A weak demonic guardian rushes to your
                  | aid. [demonic ancestry]
  3086 | D:3      | Reached XP level 5. HP: 26/41 MP: 5/5
  3990 | D:4      | Reached XP level 6. HP: 40/47 MP: 6/6
  4093 | D:4      | Found Uwizoz's Assorted Antiques.
  4751 | D:4      | Noticed Menkaure
  4761 | D:4      | Killed Menkaure
  4762 | D:4      | Reached skill level 4 in Fighting
  4762 | D:4      | Gained mutation: A demonic guardian rushes to your aid.
                  | [demonic ancestry]
  4762 | D:4      | Reached XP level 7. HP: 29/54 MP: 7/7
  4921 | D:5      | Entered Level 5 of the Dungeon
  4970 | D:5      | Found a sand-covered staircase.
  4978 | Ossuary  | Entered an ossuary
  5410 | Ossuary  | Reached skill level 5 in Polearms
  5410 | Ossuary  | Reached skill level 5 in Dodging
  5410 | Ossuary  | Gained mutation: You have sharp fingernails. [demonic
                  | ancestry]
  5410 | Ossuary  | Reached XP level 8. HP: 53/61 MP: 8/8
  5433 | Ossuary  | Reached skill level 5 in Fighting
  5777 | D:5      | Reached skill level 5 in Throwing
  6314 | D:6      | Noticed gowby's ghost (novice BaIE)
  6314 | D:6      | Found a runed translucent door.
  6660 | D:6      | Reached skill level 6 in Fighting
  6672 | D:6      | Identified the +1 ring mail "Hioddemm" {Str+3 Stlth+}
  6844 | D:6      | Reached XP level 9. HP: 46/69 MP: 9/9
  7233 | D:6      | Found a staircase to the Ecumenical Temple.
  7243 | Temple   | Entered the Ecumenical Temple
  7562 | Temple   | Became a worshipper of Qazlal Stormbringer
  7787 | D:6      | Reached skill level 1 in Invocations
  8013 | D:7      | Noticed Pikel
  8053 | D:6      | Killed Pikel
  8375 | D:7      | Identified the ring of Osarylli {rF+ rC- rCorr Stlth+}
  8521 | D:7      | Reached skill level 7 in Fighting
  9520 | D:7      | Noticed Joseph
  9564 | D:7      | Killed Joseph
  9565 | D:7      | Gained mutation: You are partially covered in sharp spines.
                  | [demonic ancestry]
  9565 | D:7      | Reached XP level 10. HP: 19/79 MP: 13/13
 10242 | D:8      | Noticed Grum
 10261 | D:8      | Reached * piety under Qazlal
 10344 | D:8      | Killed Grum
 10345 | D:8      | Reached skill level 5 in Invocations
 11280 | D:8      | Reached skill level 8 in Fighting
 11386 | D:8      | Reached ** piety under Qazlal
 11415 | D:8      | Noticed a gargoyle
 11421 | D:8      | Killed a gargoyle
 11452 | D:8      | Noticed Prince Ribbit
 11472 | D:8      | Killed Prince Ribbit
 11848 | D:9      | Noticed a deep elf pyromancer
 11859 | D:9      | Killed a deep elf pyromancer
 12534 | D:9      | Reached XP level 11. HP: 80/87 MP: 16/16
 12828 | D:10     | Entered Level 10 of the Dungeon
 13051 | D:10     | Found a staircase to the Lair.
 13309 | D:9      | Reached skill level 1 in Armour
 13319 | D:9      | Reached skill level 1 in Shields
 13721 | D:10     | Reached *** piety under Qazlal
 14082 | D:9      | Noticed a sun demon
 14530 | D:10     | Identified the ring "Geisoxok" {Ice Will- Str+6}
 14832 | D:11     | Noticed a two-headed ogre
 14841 | D:11     | Killed a two-headed ogre
 15024 | D:11     | You fall into a shaft and drop 2 floors!
 15300 | D:11     | Reached skill level 9 in Fighting
 15331 | D:11     | Killed from afar by a gargoyle

Illustrated notes

Levels and vault maps discovered:
D:1:      amcnicky_arrival_flooded_fountain, layout_loops_cross, serial_shops,
          shop, dreamdust_ecumenical_altar_drowned_temple, minivault_27
D:2:      layout_basic, uniq_robin, uniq_crazy_yiuf_cottage
D:3:      layout_basic, mainiacjoe_overflow_six_doors_small
D:4:      layout_rooms, kennysheep_diamond, kennysheep_pointless_box,
          uniq_menkaure
D:5:      layout_cave_pools, enter_ossuary_1, supply_closet_lemuel
D:6:      minmay_chambers_of_threes, layout_cave_pools,
          minmay_temple_entry_mist, ebering_ghost_sewer_d
D:7:      layout_loops_cross, hangedman_decor_peaks_small, uniq_joseph,
          uniq_pikel
D:8:      layout_rooms, uniq_grum, uniq_prince_ribbit1
D:9:      layout_roguey
D:10:     layout_cave_pools, erik_lair_island
D:11:     layout_roguey, erik_orc_4, serial_shops, nicolae_shop_trees
D:12:     layout_gridville, ploomutoo_gammafunk_ghost_potion_laboratory,
          gauntlet_entry_generic, hex_medium, fedhas_altar_4
D:13:     evilmike_diamond_1, layout_irregular_city, nicolae_uskayaw_dance_hall,
          uniq_urug
Temple:   mainiacjoe_temple_trianglar_array

Skill      XL: |  1  2  3  4  5  6  7  8  9 10 11 |
---------------+----------------------------------+-----
Throwing       | 2 3 4 5 6 7 8 |  8.1
Dodging        | 3 4 5 6 7 8 |  8.4
Polearms       | 3 4 5 7 8 |  8.4
Fighting       | 3 4 6 7 8 9 |  9.0
Invocations    | 4 6 7 |  7.9
Armour         | 2 |  2.5
Shields        | 2 |  2.5

Action                   |  1- 3 |  4- 6 |  7- 9 | 10-12 || total
-------------------------+-------+-------+-------+-------++-------
Melee: Trident           |   152 |   149 |   662 |   475 ||  1438
Throw: Stone             |     1 |       |    18 |     1 ||    20
       Boomerang         |       |    11 |       |     3 ||    14
       Dart              |       |       |       |     5 ||     5
  Use: Scroll            |       |       |     4 |     2 ||     6
       Potion            |       |       |     5 |       ||     5
 Stab: Sleeping          |     5 |    17 |     9 |     1 ||    32
       Distracted        |       |       |       |     1 ||     1
Armor: Leather armour    |    42 |    66 |   102 |       ||   210
       Ring mail         |       |       |   189 |   159 ||   348
Dodge: Dodged            |   103 |    68 |   440 |   284 ||   895
Block: Kite shield       |       |       |       |   214 ||   214
       Other             |       |       |       |    14 ||    14

Table legend: (Time is in decaauts)
 A = Elapsed time spent in this place.
 B = Non-inter-level travel time spent in this place.
 C = Inter-level travel time spent in this place.
 D = Time resting spent in this place.
 E = Time spent auto-exploring this place.
 F = Levels seen in this place.
 G = Mean time per level.
                   A        B        C        D        E       F      G
               +--------+--------+--------+--------+--------+-----+--------+
         Total |  15428 |  15180 |    248 |   2105 |   9749 |  15 | 1028.5 |
       Dungeon |  14560 |  14312 |    248 |   2102 |   9149 |  13 | 1120.0 |
        Temple |    338 |    338 |      0 |      0 |    315 |   1 |  338.0 |
       Ossuary |    528 |    528 |      0 |      3 |    285 |   1 |  528.0 |
               +--------+--------+--------+--------+--------+-----+--------+

Top non-repeatable levels by time:
     D:7: 1943 daAuts
     D:9: 1877 daAuts
     D:8: 1773 daAuts
     D:1: 1650 daAuts
     D:6: 1630 daAuts
     D:2: 1373 daAuts
     D:4: 1032 daAuts
    D:10: 948 daAuts
     D:3: 914 daAuts
     D:5: 910 daAuts
 Ossuary: 528 daAuts
    D:11: 476 daAuts
  Temple: 338 daAuts
    D:12: 20 daAuts
    D:13: 10 daAuts
